 Dungeon Crawl Stone Soup version 0.30-a0-1016-gfb0d676c02 (webtiles) character file.

Game seed: 18197679300315721565

86 ThatPearl the Magician (level 4, 0/33 HPs)
             Began as a Djinni Hedge Wizard on Apr 7, 2023.
             Slain by an adder (1 damage)
             ... on level 2 of the Dungeon.
             The game lasted 00:05:23 (1615 turns).

ThatPearl the Magician (Djinni Hedge Wizard)        Turns: 1615, Time: 00:05:24

Health: 0/33       AC:  2    Str:  9    XL:     4   Next: 78%
Gold:   86         EV: 12    Int: 17    God:
                   SH:  0    Dex: 13

rFire   + + .      SeeInvis .    a - +0 dagger
rCold   x . .      Faith    .    (no shield)
rNeg    . . .      Spirit   .    b - +0 robe
rPois   ∞          Reflect  .    c - +0 hat
rElec   .          Rampage  .    (no cloak)
rCorr   .                        (no gloves)
Will    .....                    (boots unavailable)
Stlth   ++                       (no amulet)
HPRegen 0.25/turn                (no ring)
MPRegen 0.00/turn                (no ring)

@: flying
A: sickness immunity, fire resistance 2, cold vulnerability 1, float, innate
caster, HP casting, extra vitality 1
a: no special abilities


You were on level 2 of the Dungeon.
You visited 1 branch of the dungeon, and saw 2 of its levels.

You collected 86 gold pieces.

Inventory:

Hand Weapons
 a - a +0 dagger (weapon)
Armour
 b - a +0 robe (worn)
 c - a +0 hat (worn)
Scrolls
 f - a scroll of fear {unknown}
 h - a scroll of enchant weapon {unknown}
 k - a scroll of fog {unknown}
 o - a scroll of magic mapping {unknown}
Potions
 d - 2 potions of haste {unknown}
 e - a potion of heal wounds {unknown}
 g - 2 potions of flight {unknown}
 i - a potion of curing {unknown}
 j - a potion of berserk rage {unknown}
 l - a potion of lignification {unknown}
 m - 2 potions of attraction {unknown}
 n - a potion of might {unknown}


   Skills:
 + Level 2.0 Fighting
 - Level 2.1 Dodging
 - Level 1.5 Stealth
 * Level 3.5 Spellcasting


You knew the following spells:

 Your Spells              Type           Power      Damage    Failure   Level
a - Apportation           Tloc           30%        N/A       3%          1
b - Blink                 Tloc           30%        N/A       6%          2
c - Call Imp              Summ           15%        N/A       6%          2
d - Mephitic Cloud        Conj/Pois/Air  15%        N/A       12%         3
m - Magic Dart            Conj           60%        1d6       3%          1
s - Slow                  Hex            60%        N/A       3%          1
Your spell library was empty.

Dungeon Overview and Level Annotations

Branches:
Dungeon (2/15)

Altars:


Innate Abilities, Weirdness & Mutations

You are immune to sickness and miasma.
You are immune to poison.
Your flesh is very heat resistant. (rF++)
You are vulnerable to cold. (rC-)
You float through the air rather than walking.
You learn spells naturally, not from books.
Your magical power is your life essence.
You have superior vitality. (+4 MHP)


Message History

Unknown command.
You barely miss the adder.
The adder is lightly wounded.
The adder bites you.
* * * LOW HITPOINT WARNING * * *
The adder bites you.
* * * LOW HITPOINT WARNING * * *
Your crimson imp hits the adder.
You hit the adder but do no damage.
The adder is heavily wounded.
The adder bites you but does no damage. The adder barely misses you.
Your crimson imp hits the adder.
You miss the adder.
The adder is severely wounded.
The adder closely misses you. The adder bites you.
* * * LOW HITPOINT WARNING * * *
Your crimson imp hits the adder.
You hit the adder.
You kill the adder!
The adder closely misses you.
Your Fighting skill increases to level 2!
You swap places.
The adder completely misses you.
Your crimson imp misses the adder.
Your magical contamination has completely faded away.
Things that are here:
a +0 whip; an adder corpse; a kobold corpse Your crimson imp barely misses the adder.
You miss the adder.
The adder is moderately wounded.
The adder is no longer moving slowly.
The adder bites you.
* * * LOW HITPOINT WARNING * * *
Your crimson imp misses the adder.
You closely miss the adder.
The adder is moderately wounded.
The adder closely misses you.
Your crimson imp blinks!
You hit the adder.
The adder is severely wounded.
The adder bites you.
You die...

....# ....# ...#
...# #5.# #..# #..#
#@.# ..
###############S# .
###...............#
#
#....##############
# #....# # #....# #
###'## # #.# # #.#
#


You could see an adder (ally target) and a friendly crimson imp (summoned).

Vanquished Creatures
  Jessica (D:2)
  2 adders (D:2)
  A dart slug (D:1)
  2 bats
  An endoplasm (D:1)
  2 giant cockroaches
  3 hobgoblins
  4 kobolds
  3 quokkas (D:1)
  2 ball pythons (D:1)
  3 frilled lizards
  A goblin (D:1)
25 creatures vanquished.

Vanquished Creatures (collateral kills)
  An adder (D:2)
  An endoplasm (D:1)
  A hobgoblin (D:2)
  2 jackals (D:1)
  A ball python (D:1)
6 creatures vanquished.

Grand Total: 31 creatures vanquished

Notes
Turn   | Place    | Note
-------+----------+-------------------------------------------
     0 | D:1      | ThatPearl the Djinni Hedge Wizard began the quest for the
                  | Orb.
     0 | D:1      | ThatPearl set off with the following spells memorised:
                  | Magic Dart, Slow, Blink, Call Imp, Mephitic Cloud.
     0 | D:1      | Reached XP level 1. HP: 15/15 MP: 0/0
   253 | D:1      | Reached XP level 2. HP: 19/22 MP: 0/0
   310 | D:1      | Found a faded altar of an unknown god.
   353 | D:1      | Found Tetruorr's Assorted Antiques.
   565 | D:1      | Reached skill level 1 in Fighting
   747 | D:1      | Reached XP level 3. HP: 22/27 MP: 0/0
   747 | D:1      | Learned a level 1 spell: Apportation
   748 | D:1      | Reached skill level 3 in Spellcasting
  1337 | D:2      | Noticed Jessica
  1342 | D:2      | Killed Jessica
  1343 | D:2      | Reached XP level 4. HP: 31/33 MP: 0/0
  1613 | D:2      | HP: 1/33 [adder (3)]
  1615 | D:2      | Slain by an adder

Illustrated notes

Levels and vault maps discovered:
D:1:      ncdulo_lavacross, layout_loops_corners, serial_shops,
          nicolae_shop_hallway_stairs, shapermc_ecumenical_altar_gd
D:2:      layout_basic, minmay_misc_feat_pillars, uniq_jessica

Skill      XL: |  1  2  3  4 |
---------------+-------------+-----
Fighting       | 1 2 |  2.0
Spellcasting   | 3 |  3.5
Dodging        | |  2.1
Stealth        | |  1.5

Action                     |  1- 3 |  4- 6 || total
---------------------------+-------+-------++-------
  Melee: Dagger            |     3 |    40 ||    43
   Cast: Magic Dart        |    51 |       ||    51
         Call Imp          |     1 |     4 ||     5
         Slow              |       |     2 ||     2
         Blink             |       |     1 ||     1
   Stab: Sleeping          |     1 |     1 ||     2
 Armour: Robe              |       |     6 ||     6
  Dodge: Dodged            |     8 |    26 ||    34

Table legend: (Time is in decaauts)
 A = Elapsed time spent in this place.
 B = Non-inter-level travel time spent in this place.
 C = Inter-level travel time spent in this place.
 D = Time resting spent in this place.
 E = Time spent auto-exploring this place.
 F = Levels seen in this place.
 G = Mean time per level.
                   A        B        C        D        E       F      G
               +--------+--------+--------+--------+--------+-----+--------+
         Total |   1614 |   1576 |     38 |      0 |   1386 |   2 |  807.0 |
       Dungeon |   1614 |   1576 |     38 |      0 |   1386 |   2 |  807.0 |
               +--------+--------+--------+--------+--------+-----+--------+

Top non-repeatable levels by time:
     D:1: 1171 daAuts
     D:2: 443 daAuts
